 Dungeon Crawl Stone Soup version 0.27.1-33-g824d729ab1 (webtiles) character file.

Game seed: 18076644800234975734

58 H0rd4k the Charlatan (level 4, -4/32 HPs)
             Began as a Human Artificer on Dec 20, 2021.
             Slain by a worm (6 damage)
             ... on level 3 of the Dungeon.
             The game lasted 00:01:46 (2938 turns).

H0rd4k the Charlatan (Human Artificer)              Turns: 2938, Time: 00:01:46

Health: -4/32      AC:  3    Str: 13    XL:     4   Next: 20%
Magic:  4/4        EV: 11    Int: 12    God:
Gold:   71         SH:  0    Dex: 19    Spells: 3/3 levels left

rFire    . . .     SeeInvis .   h - +0 dagger
rCold    . . .     Faith    .   (no shield)
rNeg     . . .     Spirit   .   b - +0 leather armour
rPois    .         Reflect  .   (no helmet)
rElec    .         Harm     .   (no cloak)
rCorr    .         Rampage  .   (no gloves)
Will     .....                  (no boots)
Stlth    ++........             (no amulet)
HPRegen  0.10/turn              g - +6 ring of dexterity
MPRegen  0.09/turn              (no ring)

@: no status effects
A: no striking features
a: no special abilities


You were on level 3 of the Dungeon.
You visited 1 branch of the dungeon, and saw 3 of its levels.

You collected 71 gold pieces.

Inventory:

Hand Weapons
 h - a +0 dagger (weapon)
Armour
 b - a +0 leather armour (worn)
Jewellery
 g - a +6 ring of dexterity (left hand)
Wands
 c - a wand of flame (8) (quivered)
 d - a wand of charming (14)
Scrolls
 a - 2 scrolls of holy word {unknown}
 j - 2 scrolls of enchant armour {unknown}
 k - 2 scrolls of fog {unknown}
 m - a scroll of enchant weapon {unknown}
 n - 2 scrolls of identify {unknown}
 o - a scroll of magic mapping {unknown}
Potions
 f - a potion of curing {unknown}
 i - a potion of ambrosia {unknown}
 l - a potion of cancellation {unknown}
Miscellaneous
 e - a piece from Xom's chessboard (15/15)


   Skills:
 + Level 1.5 Fighting
 + Level 1.1 Short Blades
 * Level 1.3 Maces & Flails
 - Level 2.0 Armour
 + Level 1.3 Dodging
 - Level 1.0 Stealth
 + Level 3.8 Evocations


You had 3 spell levels left.
You didn't know any spells.
Your spell library contained the following spells:

 Spells                   Type           Power      Damage    Failure   Level
 Beastly Appendage        Tmut           0%         N/A       38%         1
 Magic Dart               Conj           0%         1d3       38%         1
 Searing Ray              Conj           0%         3d3       54%         2
 Wereblood                Tmut           0%         N/A       54%         2
 Ozocubu's Armour         Ice            0%         N/A       77%         3
 Spider Form              Tmut/Pois      0%         N/A       77%         3
 Fulminant Prism          Conj/Hex       0%         3d6       99%         4
 Ozocubu's Refrigeration  Ice            0%         4d5       100%        7


Dungeon Overview and Level Annotations

Branches:
Dungeon (3/15)

Altars:
Ru


Message History

The quokka bites you.
You hit the quokka.
You kill the quokka!
You hit the worm.
The worm is lightly wounded.
The worm completely misses you.
You hit the worm but do no damage. You hit the worm.
The worm is moderately wounded.
The worm bites you.
You hit the worm but do no damage.
The worm is lightly wounded.
You hit the worm.
The worm is moderately wounded.
The worm bites you!
You hit the worm but do no damage.
The worm is moderately wounded.
You hit the worm.
The worm is moderately wounded.
The worm bites you!
* * * LOW HITPOINT WARNING * * *
You hit the worm.
The worm is moderately wounded.
The worm bites you.
* * * LOW HITPOINT WARNING * * *
You hit the worm.
The worm is heavily wounded.
Aiming: Throw Flame
Press: ? - help, Shift-Dir - straight line, f - worm
Aim: a worm (heavily wounded, 90% to hit)
The puff of flame hits the worm.
The worm is severely wounded.
Unknown command.
Aiming: Throw Flame
Press: ? - help, Shift-Dir - straight line, f/p - worm
Aim: a worm (severely wounded, 90% to hit)
The puff of flame hits the worm.
The worm is almost dead.
The worm bites you.
You die...

#.####....# #...... #.
#..<..>)..# #.##### #.
######....# #.##### #. ##.#.#
#.##... #. #.#.#####.##.## .
..##. #.#.......##.# ...
....####### #.##########.#
.....###......####.# #.#
..............w@...# #.#
.....##.#####.###############.#
... #.# #.................# .
... ################### ..#.
##. .# ## ##


You could see a worm.

Vanquished Creatures
  An adder (D:2)
  2 dart slugs (D:1)
  4 ball pythons
  An endoplasm (D:1)
  A giant cockroach (D:2)
  A goblin (D:1)
  7 hobgoblins
  7 jackals
  3 kobolds
  2 quokkas
  4 bats
  2 frilled lizards (D:2)
  4 rats
39 creatures vanquished.

Vanquished Creatures (others)
  A giant cockroach (D:1)
1 creature vanquished.

Grand Total: 40 creatures vanquished

Notes
Turn   | Place    | Note
-------+----------+-------------------------------------------
     0 | D:1      | H0rd4k the Human Artificer began the quest for the Orb.
     0 | D:1      | Reached XP level 1. HP: 15/15 MP: 1/1
   297 | D:1      | Found a faded altar of an unknown god.
   304 | D:1      | Reached XP level 2. HP: 13/21 MP: 2/2
  1251 | D:1      | Reached XP level 3. HP: 22/26 MP: 3/3
  1311 | D:1      | Reached skill level 1 in Maces & Flails
  2219 | D:2      | Found a sacrificial altar of Ru.
  2436 | D:2      | Reached XP level 4. HP: 29/32 MP: 4/4
  2551 | D:2      | Reached skill level 1 in Short Blades
  2938 | D:3      | Slain by a worm

Illustrated notes

Levels and vault maps discovered:
D:1:      scummos_arrival_gate, layout_basic, chequers_ecumenical_altar_simple,
          minmay_pentomino_t4
D:2:      layout_rooms, basic_altar
D:3:      layout_loops_ring, mainiacjoe_overflow_24_doors,
          cheibrodos_worm_habitat, nicolae_overflow_crystal_walls,
          gammafunk_ghost_nasty_kobolds, uniq_natasha

Skill      XL: |  1  2  3  4 |
---------------+-------------+-----
Maces & Flails | 1 |  1.3
Short Blades   | 1 |  1.1
Fighting       | |  1.5
Armour         | |  2.0
Dodging        | |  1.3
Stealth        | |  1.0
Evocations     | |  3.8

Action                   |  1- 3 |  4- 6 || total
-------------------------+-------+-------++-------
Melee: Club              |    39 |       ||    39
       Dagger            |   123 |    53 ||   176
Evoke: Wand              |     5 |     3 ||     8
 Stab: Sleeping          |     4 |     1 ||     5
Armor: Leather armour    |    48 |    15 ||    63
Dodge: Dodged            |   125 |    31 ||   156
